 Dungeon Crawl Stone Soup version 0.21-a0-498-g1b60429 (webtiles) character file.

9 Goblin1989 the Chopper (level 2, 0/42 HPs)
             Began as a Naga Berserker on Nov 24, 2017.
             Was a Follower of Trog.
             Slain by an orc wizard
             ... wielding a +0 dagger
              (3 damage)
             ... on level 3 of the Dungeon.
             The game lasted 00:01:19 (114 turns).

Goblin1989 the Chopper (Naga Berserker)              Turns: 114, Time: 00:01:20

Health: 0/42       AC:  1    Str: 24    XL:     2   Next: 12%
Magic:  2/2        EV: 10    Int:  7    God:    Trog [*.....]
Gold:   31         SH:  0    Dex: 10    Spells: 1/1 levels left

rFire    . . .     SeeInvis +   a - +0 hand axe
rCold    . . .     Gourm    .   (no shield)
rNeg     . . .     Faith    .   b - +0 animal skin
rPois    +         Spirit   .   (no helmet)
rElec    .         Reflect  .   (no cloak)
rCorr    .         Harm     .   (no gloves)
MR       .....                  (no barding)
Stlth    ..........             (no amulet)
HPRegen  0.14/turn              (no ring)
MPRegen  0.08/turn              (no ring)

@: berserking, quick
A: large, see invisible, deformed body, poison resistance, slowness 2, slow
metabolism 1, spit poison 1, AC +0
a: Spit Poison, Berserk, Burn Spellbooks, Renounce Religion


You were on level 3 of the Dungeon.
You worshipped Trog.
Trog was aware of your devotion.
You were not hungry.

You visited 1 branch of the dungeon, and saw 3 of its levels.

You collected 31 gold pieces.

Inventory:

Hand Weapons
 a - a +0 hand axe (weapon)
Armour
 b - a +0 animal skin (worn)
Scrolls
 g - a scroll of random uselessness {unknown}
 h - a scroll of identify {unknown}
Potions
 f - 2 potions of agility {unknown}
Comestibles
 e - a bread ration {@e1}


   Skills:
 - Level 3.0 Fighting
 + Level 3.6 Axes
 - Level 1.5 Armour
 - Level 1.5 Dodging


You had one spell level left.
You didn't know any spells.

Dungeon Overview and Level Annotations

Branches:
Dungeon (3/15)

Altars:


Innate Abilities, Weirdness & Mutations

You cannot wear boots.
Your serpentine skin is tough. (AC +0)
You have supernaturally acute eyesight. (SInv)
Armour fits poorly on your strangely shaped body.
Your system is resistant to poisons. (rPois)
You cover ground very slowly.
You have a slow metabolism.
You can spit poison.


Message History

It is said that the Orb of Zot exists deep within this dungeon.
Trog says: Kill them all!
Press ? for a list of commands and other information.
Found a staircase leading out of the dungeon.
You enter the shallow water.
Moving in this stuff is going to be slow.
Found a stone staircase leading down.
There is a stone staircase leading down here.
f - 2 fizzy white potions You now have 12 gold pieces.
You now have 20 gold pieces (gained 8).
There is a stone staircase leading down here.
You climb downwards.
There is a stone staircase leading up here.
You now have 31 gold pieces (gained 11).
g - a scroll labeled QEZ AV NUTZ A leopard gecko comes into view.
The leopard gecko hisses angrily.
You closely miss the leopard gecko. The leopard gecko bites you.
You take 1 damage, and have 20/21 hp.
You closely miss the leopard gecko. The leopard gecko bites you. x2
You take 7 damage, and have 13/21 hp.
MASSIVE DAMAGE!!
You miss the leopard gecko. The leopard gecko bites you.
* * * LOW HITPOINT WARNING * * *
You take 5 damage, and have 8/21 hp.
MASSIVE DAMAGE!!
A red film seems to cover your vision as you go berserk!
You feel yourself moving faster!
You feel mighty!
You feel a lot more hungry. The leopard gecko bites you.
* * * LOW HITPOINT WARNING * * *
You now have 10/31 hp.
You closely miss the leopard gecko. The leopard gecko bites you.
* * * LOW HITPOINT WARNING * * *
You take 1 damage, and have 9/31 hp.
You slash the leopard gecko!
You kill the leopard gecko!
Trog accepts your kill.
You feel a strong urge to attack something.
You feel your anger nearly subside.
You are no longer berserk.
You are exhausted.
You feel yourself slow down.
You now have 6/21 hp.
A goblin comes into view. It is wielding a club.
The goblin shouts!
Found a stone staircase leading down.
The goblin barely misses you.
You hit the goblin.
You kill the goblin!
Trog accepts your kill.
Unknown command.
You see here a club.
You see here 7 poisoned needles.
You feel yourself speed up.
h - a scroll labeled JEMUBL ROUKHAU You recover from your berserk rage.
There is a stone staircase leading down here.
You climb downwards.
A rat, a quokka, 3 orcs and a dart slug come into view.
The orc shouts!
The orc wizard shouts!
The orc shouts!
Found a stone staircase leading down and a stone staircase leading up.
There is a stone staircase leading up here.
Unknown command.
Unknown command.
Unknown command.
The dart slug launches a dart at you. The slug dart hits you!
* * * LOW HITPOINT WARNING * * *
You take 4 damage, and have 5/21 hp.
A red film seems to cover your vision as you go berserk!
You feel yourself moving faster!
You feel mighty!
You feel a lot more hungry. The orc hits you with a dagger.
* * * LOW HITPOINT WARNING * * *
You now have 4/31 hp.
You barely miss the orc.
A giant cockroach and a hobgoblin come into view.
The hobgoblin shouts!
You hit the orc.
The orc is heavily wounded.
You slash the orc wizard! The orc hits you but does no damage.
Unknown command.
You closely miss the orc wizard.
The orc wizard is severely wounded.
You slash the orc!
You kill the orc!
Trog accepts your kill.
You closely miss the rat. You barely miss the quokka.
The quokka barely misses you. The orc wizard hits you with a dagger.
* * * LOW HITPOINT WARNING * * *
The rat misses you.
You take 2 damage, and have 2/31 hp.
You barely miss the orc wizard.
The orc wizard is severely wounded.
You slash the orc!
You kill the orc!
Trog accepts your kill.
You have reached level 2!
You closely miss the rat. You slash the quokka!
You kill the quokka!
Trog accepts your kill. The orc wizard hits you with a dagger.
You die...

...............
................
................
................
................
............g...
......o)...<....
.(.....@........
.......r<...s...
......>......(..
................
................
!......w........
................
................
...........?...


You could see an orc wizard, a dart slug, a giant cockroach, a hobgoblin and a
rat.

Vanquished Creatures
  A leopard gecko (D:2)
  2 orcs (D:3)
  A goblin (D:2)
  A quokka (D:3)
5 creatures vanquished.

Notes
Turn   | Place    | Note
-------+----------+-------------------------------------------
     0 | D:1      | Goblin1989 the Naga Berserker began the quest for the Orb.
     0 | D:1      | Reached XP level 1. HP: 21/21 MP: 1/1
     0 | D:1      | Goblin1989: !hs * nabe -log
     0 | D:1      | beem: 8276. Duvessa, XL27 NaBe, T:68602: https://webzook.net/soup/morgue/trunk/Duvessa/morgue-Duvessa-20160312-155021.txt
   108 | D:3      | Noticed an orc wizard
   114 | D:3      | Reached XP level 2. HP: 3/28 MP: 2/2
   114 | D:3      | Slain by an orc wizard

Vault maps used:
D:1:      ldierk_water_garden
D:2:      lemuel_doored_altar, okawaru_metal_pillars_1_2, minmay_pentomino_o4,
          uniq_natasha
D:3:      uniq_jessica

Action                   || total
-------------------------++-------
Melee: Hand axe          ||    10
Invok: Berserk           ||     2
Armor: Animal skin       ||     1
Dodge: Dodged            ||     3

Table legend:
 A = Spawn XP
 B = Non-spawn XP
 C = Spawn XP percentage of total XP
 D = Spawn monster count
 E = Non-spawn monster count
 F = Spawn count percentage of total count
 G = Total turns spent on level
                    A         B        C        D         E        F      G
               +---------+---------+-------+---------+---------+-------+---------
         Total |       0 |      13 |   0.0 |       0 |       5 |   0.0 |   114
               +---------+---------+-------+---------+---------+-------+---------
           D:2 |       0 |       5 |   0.0 |       0 |       2 |   0.0 |    54
           D:3 |       0 |       8 |   0.0 |       0 |       3 |   0.0 |     6
               +---------+---------+-------+---------+---------+-------+---------

Vault maps used:
D:1:      ldierk_water_garden
D:2:      lemuel_doored_altar, okawaru_metal_pillars_1_2, minmay_pentomino_o4,
          uniq_natasha
D:3:      uniq_jessica
